 Dungeon Sprint DCSS version 0.24-a0-378-g94936e539c (webtiles) character file.

Game seed: 15606782786197681180

107 Freyura the Cutter (level 4, 0/37 HPs)
             Began as a Vampire Gladiator on June 1, 2019.
             Slain by a crimson imp (4 damage)
             ... in the Dungeon (Sprint IX: "|||||||||||||||||||||||||||||").
             The game lasted 00:01:10 (107 turns).

Freyura the Cutter (Vampire Gladiator)               Turns: 107, Time: 00:01:10

Health: 0/37       AC:  4    Str: 13    XL:     4   Next: 56%
Magic:  4/4        EV: 15    Int: 10    God:
Gold:   0          SH:  0    Dex: 16    Spells: 3/3 levels left

rFire    . . .     SeeInvis +   a - +0 rapier
rCold    . . .     Gourm    .   (no shield)
rNeg     + . .     Faith    .   b - +0 leather armour
rPois    .         Spirit   .   c - +0 helmet
rElec    .         Reflect  .   (no cloak)
rCorr    .         Harm     .   (no gloves)
MR       .....     NoTele   +   (no boots)
Stlth    +.........             (no amulet)
HPRegen  0.12/turn              (no ring)
MPRegen  0.09/turn              (no ring)

@: no status effects
A: fangs 3, see invisible, unbreathing
a: Bat Form


You were in the Dungeon.
You were not thirsty.

You visited 1 branch

Inventory:

Hand Weapons
 a - a +0 rapier (weapon)
Missiles
 d - 3 throwing nets (quivered)
Armour
 b - a +0 leather armour (worn)
 c - a +0 helmet (worn)
Scrolls
 k - a scroll of blinking
Potions
 e - a potion of blood
 f - a potion of curing
 g - a potion of heal wounds
 h - a potion of haste
 i - 2 potions of magic
 j - a potion of berserk rage


   Skills:
 + Level 4.0 Fighting
 * Level 7.1 Short Blades
 - Level 1.5 Throwing
 + Level 3.1 Armour
 + Level 5.5 Dodging


You had 3 spell levels left.
You didn't know any spells.
Your spell library was empty.

Dungeon Overview and Level Annotations

Branches:
Dungeon (1/1)

Altars:


Innate Abilities, Weirdness & Mutations

You have razor-sharp teeth.
You have supernaturally acute eyesight. (SInv)
You can survive without breathing.


Message History

a rat corpse; a dart slug corpse
Things that are here:
a +0 flail; an orc corpse You hit the crimson imp.
Your bite misses the crimson imp.
The crimson imp is heavily wounded.
The crimson imp blinks!
The crimson imp shouts, "Quail, thou pribbling exsanguinous malt-worm!"
Things that are here:
a +0 flail; an orc corpse You hit the crimson imp.
The crimson imp is lightly wounded.
The crimson imp misses you.
You hit the crimson imp but do no damage.
Your bite misses the crimson imp.
The crimson imp is lightly wounded.
The crimson imp hits you.
* * * LOW HITPOINT WARNING * * *
You barely miss the crimson imp. The crimson imp barely misses you.
You closely miss the crimson imp. The crimson imp hits you.
You die... ▓▓▓▓▓▓▓▓▓▓▓▓▓▓▓▓▓▓ +.....)...@5'...<▓ ▓▓▓▓▓▓▓▓▓▓▓▓▓▓▓▓▓▓

You could see a crimson imp.

Vanquished Creatures
  2 crimson imps (D)
  An orc wizard (D)
  A dart slug (D)
  An orc (D)
  A goblin (D)
  A jackal (D)
  2 rats (D)
9 creatures vanquished.

Notes
Turn   | Place    | Note
-------+----------+-------------------------------------------
     0 | D        | Freyura the Vampire Gladiator began the quest for the Orb.
     0 | D        | Reached XP level 1. HP: 16/16 MP: 1/1
    11 | D        | Reached skill level 4 in Short Blades
    19 | D        | Reached skill level 1 in Armour
    27 | D        | Noticed a crimson imp
    27 | D        | Noticed a crimson imp
    27 | D        | Noticed a crimson imp
    27 | D        | Noticed an orc wizard
    34 | D        | Killed an orc wizard
    34 | D        | Reached skill level 5 in Short Blades
    34 | D        | Reached XP level 2. HP: 14/24 MP: 2/2
    34 | D        | Reached XP level 3. HP: 17/29 MP: 3/3
    48 | D        | Reached skill level 6 in Short Blades
    48 | D        | Reached skill level 5 in Dodging
    48 | D        | Reached XP level 4. HP: 13/35 MP: 4/4
    91 | D        | Reached skill level 7 in Short Blades
   107 | D        | Slain by a crimson imp

Levels and vault maps discovered:
D:        linesprint [early_d, line_temple, items_1, d_10, items_2, lair_1,
          lair_end, items_3, orc_1, orc_end, items_4, d_15, swamp_1, shoals_1,
          snake_1, spider_1, d_20, vaults_1, items_5, swamp_end, shoals_end,
          snake_end, spider_end, vaults_end, d_27, items_6, zot_1, zot_end,
          crypt_end, forest_end, elf_end, slime_end, tomb_end, abyss_end,
          pan_hell_end]

Skill      XL: |  1  2  3  4 |
---------------+-------------+-----
Fighting       | 3 4 |  4.0
Short Blades   | 5 6 7 |  7.1
Armour         | 2 3 |  3.1
Dodging        | 4 5 |  5.5
Throwing       | |  1.5

Action                   |  1- 3 |  4- 6 || total
-------------------------+-------+-------++-------
Melee: Rapier            |    33 |    41 ||    74
       Bite              |     4 |     4 ||     8
Armor: Leather armour    |     8 |     6 ||    14
Dodge: Dodged            |    14 |    23 ||    37

Table legend:
 A = Non-vault XP
 B = Vault XP
 C = Vault XP percentage of total XP
 D = Non-vault monster count
 E = Vault monster count
 F = Vault count percentage of total count
                 A         B        C        D         E       F
            +---------+---------+-------+---------+---------+-------
      Total |       0 |     153 | 100.0 |       0 |       9 | 100.0
            +---------+---------+-------+---------+---------+-------
          D |       0 |     153 | 100.0 |       0 |       9 | 100.0
            +---------+---------+-------+---------+---------+-------
